 Dungeon Crawl Stone Soup version 0.26-b1-59-ge38874ec40 (webtiles) character file.

Game seed: 17286211370096648354

200 lastplaneout the Chopper (level 5, -5/45 HPs)
             Began as a Hill Orc Fighter on Jan 9, 2021.
             Was an Initiate of Beogh.
             Slain by a water moccasin (7 damage)
             ... on level 4 of the Dungeon.
             The game lasted 00:06:09 (2777 turns).

lastplaneout the Chopper (Hill Orc Fighter)         Turns: 2777, Time: 00:06:09

Health: -5/45      AC:  6    Str: 17 (20) XL:     5   Next: 79%
Magic:  5/5        EV:  7    Int:  6 (8)  God:    Beogh [......]
Gold:   210        SH:  8    Dex:  9 (10) Spells: 4/4 levels left

rFire    . . .     SeeInvis .   a - +0 war axe
rCold    . . .     Faith    .   c - +0 kite shield
rNeg     . . .     Spirit   .   b - +0 scale mail
rPois    .         Reflect  .   (no helmet)
rElec    .         Harm     .   (no cloak)
rCorr    .         Rampage  .   (no gloves)
Will     .....                  (no boots)
Stlth    ..........             s - amulet of regeneration
HPRegen  0.55/turn              (no ring)
MPRegen  0.09/turn              (no ring)

@: lethally poisoned (-5 -> -5)
A: no striking features
a: Renounce Religion


You were on level 4 of the Dungeon.
You worshipped Beogh.
Beogh was noncommittal.
You visited 1 branch of the dungeon, and saw 4 of its levels.

You collected 210 gold pieces.

Inventory:

Hand Weapons
 a - a +0 war axe (weapon)
 e - a +2 flail of draining
Armour
 b - a +0 scale mail (worn)
 c - a +0 kite shield (worn)
Jewellery
 j - an uncursed amulet of guardian spirit {unknown}
 q - an uncursed ring of wizardry
 s - an amulet of regeneration (around neck)
Wands
 v - a wand of random effects (18)
Scrolls
 n - 2 scrolls of teleportation
 p - a scroll of blinking {unknown}
 r - 2 scrolls of noise {unknown}
 u - a scroll of enchant weapon {unknown}
 w - 2 scrolls of identify
Potions
 d - 2 potions of might
 f - a potion of attraction {unknown}
 g - a potion of degeneration
 h - a potion of lignification {unknown}
 i - a potion of haste {unknown}
 k - 2 potions of mutation {unknown}
 l - 4 potions of curing {unknown}
 m - a potion of ambrosia {unknown}
 o - 3 potions of brilliance {unknown}
 t - a potion of flight {unknown}


   Skills:
 - Level 3.6 Fighting
 + Level 7.7 Axes
 - Level 3.2 Armour
 - Level 3.2 Shields


You had 4 spell levels left.
You didn't know any spells.
Your spell library was empty.

Dungeon Overview and Level Annotations

Branches:
Dungeon (4/15)
 Temple: D:4-7

Altars:
Ashenzari
Hepliaklqana
Kikubaaqudgha
Makhleb
Trog


Message History

You block the water moccasin's attack.
You barely miss the water moccasin.
The water moccasin is almost dead.
You feel sick. You block the water moccasin's attack.
The water moccasin bites you.
* * * LOW HITPOINT WARNING * * *
You hit the water moccasin.
The water moccasin is almost dead.
You feel sick. The water moccasin bites you.
* * * LOW HITPOINT WARNING * * *
You block the water moccasin's attack.
Your shield and scale mail prevent you from hitting the water moccasin.
The water moccasin is almost dead.
The water moccasin bites you but does no damage.
You block the water moccasin's attack.
It was a potion of degeneration.
There was something very wrong with that liquid.
You feel weakened.
You feel dopey.
You feel clumsy.
You feel sick. The water moccasin bites you!
You die...

#..#.##.##.# #.. .
####.##.##.. .. .
#####)##.#### ...##
.##.......# .#.##.
###..#######
.B...####..#......
#hh........##.####
#S########.#.....#
#@....#.......##.#
.#####.#.##....##.#
..........<#.......#
.######....#...#####
.................
####.##.#...#####
...##.#.#.#
######.#.#.#
......#.#


You could see a water moccasin, a worker ant and 2 jackals.

Vanquished Creatures
  An ogre (D:4)
  4 adders (D:2)
  An ooze (D:3)
  A worm (D:3)
  2 dart slugs (D:1)
  3 leopard geckos
  3 orcs (D:3)
  2 ball pythons
  5 giant cockroaches
  7 goblins
  7 hobgoblins
  8 jackals (D:2)
  A quokka (D:3)
  4 bats
  A frilled lizard (D:2)
  5 kobolds
  5 rats
60 creatures vanquished.

Vanquished Creatures (others)
  A bat (D:3)
  5 plants (D:3)
6 creatures vanquished.

Grand Total: 66 creatures vanquished

Notes
Turn   | Place    | Note
-------+----------+-------------------------------------------
     0 | D:1      | lastplaneout the Hill Orc Fighter began the quest for the
                  | Orb.
     0 | D:1      | Reached XP level 1. HP: 19/19 MP: 1/1
    71 | D:1      | Reached skill level 3 in Axes
   105 | D:1      | Reached XP level 2. HP: 26/26 MP: 2/2
   190 | D:1      | Reached skill level 4 in Axes
   529 | D:1      | Reached XP level 3. HP: 31/31 MP: 3/3
   993 | D:2      | Found an ancient bone altar of Kikubaaqudgha.
  1006 | D:2      | Reached skill level 5 in Axes
  1026 | D:2      | Found a bloodstained altar of Trog.
  1102 | D:2      | Found a broken altar of Ashenzari.
  1102 | D:2      | Found a hazy altar of Hepliaklqana.
  1309 | D:2      | Found a burning altar of Makhleb.
  1309 | D:2      | Noticed a cacodemon
  1314 | D:2      | Noticed a ynoxinul
  1314 | D:2      | Noticed a smoke demon
  1391 | D:2      | Reached XP level 4. HP: 29/39 MP: 4/4
  1525 | D:2      | Reached skill level 6 in Axes
  2124 | D:3      | Became a worshipper of Beogh the Brigand
  2395 | D:3      | Reached XP level 5. HP: 45/45 MP: 5/5
  2639 | D:4      | Noticed an ogre
  2644 | D:4      | Killed an ogre
  2645 | D:4      | Reached skill level 7 in Axes
  2763 | D:4      | Noticed a water moccasin
  2775 | D:4      | HP: 2/45 [water moccasin (4)]
  2777 | D:4      | Slain by a water moccasin

Illustrated notes

Levels and vault maps discovered:
D:1:      lightli_arrival_flooded_house, layout_basic, minmay_cupped
D:2:      layout_basic, old_standard_altar, makhleb_altar_promises_db,
          bloody_trog, grunt_temple_overflow_open
D:3:      layout_loops_ring, chequers_serial_rivers_small_b, corexii_shack,
          ebering_dispersal_statue_hall, minmay_door_square,
          corexii_hall_statues_l, chequers_big_river, hangedman_feature_mirror,
          kennysheep_generic_room_10
D:4:      layout_basic

Skill      XL: |  1  2  3  4  5 |
---------------+----------------+-----
Axes           | 3 4 5 6 7 |  7.7
Fighting       | |  3.6
Armour         | |  3.2
Shields        | |  3.2

Action                   |  1- 3 |  4- 6 || total
-------------------------+-------+-------++-------
Melee: War axe           |    77 |    81 ||   158
Invok: Convert to Beogh  |       |     1 ||     1
  Use: Scroll            |     6 |     1 ||     7
       Potion            |       |     1 ||     1
Armor: Scale mail        |    45 |    36 ||    81
Dodge: Dodged            |    30 |    28 ||    58
Block: Kite shield       |    45 |    43 ||    88
